 Dungeon Crawl Stone Soup version 0.32-a0-779-g362cfcae2a (webtiles) character file.

Game seed: 10555010490509534881

63113 cforsyth the Scorcher (level 14, -7/132 HPs)
             Began as a Mountain Dwarf Cinder Acolyte on Mar 19, 2024.
             Was a High Priest of Ignis.
             Mangled by a two-headed ogre
             ... wielding a +0 giant club
              (25 damage)
             ... on level 1 of the Orcish Mines.
             The game lasted 00:52:38 (34001 turns).

cforsyth the Scorcher (MDCA)                       Turns: 34001, Time: 00:52:38

Health: -7/132     AC: 21    Str: 21    XL:     14   Next: 66%
Magic:  34/42      EV:  6    Int: 16    God:    Ignis [*****.]
Gold:   2007       SH:  0    Dex:  5    Spells: 25/27 levels left

rFire   + . .        L - +1 war axe (venom)
rCold   . . .        (no shield)
rNeg    . . .        G - +0 plate armour
rPois   .            t - +0 helmet
rElec   .            (no cloak)
rCorr   .            H - +0 pair of gloves
SInv    .            p - +0 pair of boots
Will    +....        X - amulet of regeneration Stlth
                     M - ring of magical power
HPRegen 1.22/turn    m - ring of magical power
MPRegen 0.28/turn

%: no passive effects
@: no status effects
A: runic magic, artefact enchanting
a: Renounce Religion, Fiery Armour, Foxfire Swarm, Rising Flame


You were on level 1 of the Orcish Mines.
You worshipped Ignis.
Ignis was extremely pleased with you.
You visited 3 branches of the dungeon, and saw 19 of its levels.
You also visited: Ossuary.

You collected 2007 gold pieces.


Innate Abilities, Weirdness & Mutations

Your spellcasting is much less encumbered by armour.
You can use scrolls of enchantment on lesser artefacts.


   Skills:
 + Level 14.1 Fighting
 + Level 15.3 Axes
 + Level 13.7 Armour
 - Level 7.0 Spellcasting
 + Level 15.3 Fire Magic


You had 25 spell levels left.
You knew the following spells:

 Your Spells              Type           Power      Damage    Failure   Level
X - Scorch                Fire           100%       2d9       1%          2

Your spell library contained the following spells:

 Spells                   Type           Power      Damage    Failure   Level
 Inner Flame              Hex/Fire       30%        N/A       2%          3
 Flame Wave               Conj/Fire      30%        2d9       10%         4
 Sticky Flame             Fire/Alch      30%        2d7       10%         4
 Summon Blazeheart Golem  Fire/Summ      30%        N/A       10%         4
 Kiss of Death            Conj/Necr      20%        2d7       22%         1
 Necrotise                Necr           20%        1d5       22%         1
 Sandblast                Erth           10%        2d5       22%         1
 Summon Small Mammal      Summ           20%        N/A       22%         1
 Ensorcelled Hibernation  Hex/Ice        10%        N/A       32%         2
 Mercury Vapours          Alch/Air       10%        N/A       32%         2
 Call Canine Familiar     Summ           5%         N/A       54%         3
 Mephitic Cloud           Conj/Alch/Air  5%         N/A       54%         3
 Passwall                 Erth           5%         N/A       54%         3
 Stone Arrow              Conj/Erth      10%        3d7       54%         3
 Swiftness                Air            5%         N/A       54%         3
 Animate Dead             Necr           5%         N/A       91%         4
 Brom's Barrelling Bould  Conj/Erth      5%         2d3       91%         4
 Cause Fear               Hex            2%         N/A       91%         4
 Passage of Golubria      Tloc           5%         N/A       91%         4
 Petrify                  Alch/Erth      5%         N/A       91%         4
 Borgnjor's Vile Clutch   Necr/Erth      2%         N/A       99%         5
 Freezing Cloud           Conj/Ice/Air   2%         6-21      99%         5
 Death Channel            Necr           2%         N/A       100%        6
 Summon Cactus Giant      Summ           2%         N/A       100%        6

Inventory:

Hand Weapons
 a - a -1 hand axe of flaming
 q - a +0 war axe of freezing
 E - a +0 broad axe
 L - a +1 war axe of venom (weapon)
Armour
 p - a +0 pair of boots (worn)
 t - a +0 helmet (worn)
 G - a +0 plate armour (worn)
 H - a +0 pair of gloves (worn)
Jewellery
 h - an amulet of the acrobat
 m - a ring of magical power (right hand)
 v - a ring of see invisible
 F - a ring of protection from fire
 M - a ring of magical power (left hand)
 N - an amulet of magic regeneration
 R - a ring of resist corrosion
 T - an amulet of reflection
 X - an amulet of regeneration (around neck)
Wands
 d - a wand of digging (5)
 y - a wand of charming (15)
 A - a wand of polymorph (6)
 D - a wand of warping (11)
 O - a wand of mindburst (16)
 Q - a wand of flame (8)
Scrolls
 b - 2 scrolls of vulnerability {unknown}
 c - 2 scrolls of teleportation {@r2}
 e - 5 scrolls of poison
 j - 3 scrolls of fear
 r - 4 scrolls of blinking
 u - 3 scrolls of noise {unknown}
 w - a scroll of immolation
 z - a scroll of acquirement
 B - 4 scrolls of amnesia
 C - 5 scrolls of revelation {unknown}
 J - 3 scrolls of fog
 K - 2 scrolls of enchant weapon
 S - a scroll of summoning {unknown}
 W - a scroll of torment {unknown}
 Z - a scroll of enchant armour {unknown}
Potions
 f - 6 potions of curing {@q1}
 g - 3 potions of mutation
 i - 3 potions of haste {@q3}
 k - 4 potions of lignification
 l - 10 potions of attraction
 o - 2 potions of might
 s - a potion of ambrosia
 x - 2 potions of berserk rage {!q}
 I - 3 potions of cancellation
 P - a potion of enlightenment
 U - a potion of invisibility
 V - a potion of brilliance {unknown}
Miscellaneous
 Y - a phial of floods

Dungeon Overview and Level Annotations

Branches:
Dungeon (12/15)            Temple (0/1) D:5            Lair (5/5) D:11
 Shoals (0/4) Lair:3        Snake (0/4) Lair:3        Slime (0/5) Lair:4
    Orc (2/2) D:12            Elf (0/3) Orc:2       Ossuary (visited)

Altars:
Cheibriados
Elyvilon
Gozag
Kikubaaqudgha
Nemelex Xobeh
Okawaru
Ru
Sif Muna
Uskayaw
Vehumet
Wu Jian
Xom
Zin
The Shining One
Beogh
Jiyva

Shops:
Orc:1 (

Annotations:
Orc:1 2 transporters

## ##. #.. #### ##.
##..## #.. ##....#
##.. ######...### #...
##.##O#.....#### ##..
#..)@[.......#.## #..
##.###.......#..###..
#................##..
##................##.
###......##........###
#........##..........#
#.......####.#........
#........####...).).#.
#........#.#.....##...


You could see a two-headed ogre (extremely poisoned).


Message History

You slash the two-headed ogre!
The two-headed ogre is poisoned.
The two-headed ogre hits you with a +0 giant club!
* * * LOW HITPOINT WARNING * * *
The two-headed ogre hits you with a +0 giant club!
* * * LOW HITPOINT WARNING * * *
You hit the two-headed ogre but do no damage.
The two-headed ogre is poisoned.
The two-headed ogre is almost dead.
You barely miss the two-headed ogre.
The two-headed ogre hits you but does no damage.
The two-headed ogre hits you with a +0 giant club!
* * * LOW HITPOINT WARNING * * *
You slice the two-headed ogre!!
The two-headed ogre is severely wounded.
You hit the two-headed ogre but do no damage.
The two-headed ogre looks even sicker.
The two-headed ogre hits you with a +0 giant club!
* * * LOW HITPOINT WARNING * * *
The two-headed ogre barely misses you.
Unknown command.
You hit the two-headed ogre but do no damage.
The two-headed ogre looks as sick as possible!
The two-headed ogre is almost dead.
You hit the two-headed ogre.
The two-headed ogre looks as sick as possible!
The two-headed ogre is no longer more vulnerable to fire.
You kill the two-headed ogre!
The two-headed ogre hits you with a +0 giant club!!
You die...
Ignis goes out, and joins you in death.

Skill      XL: |  1  2  3  4  5  6  7  8  9 10 11 12 13 14 |
---------------+-------------------------------------------+-----
Armour         | 1 2 3 4 5 6 8 9 11 12 13 | 13.7
Fire Magic     | 4 5 6 7 8 10 11 12 14 15 | 15.3
Axes           | 4 5 6 7 8 9 11 12 14 15 | 15.3
Fighting       | 4 5 6 7 9 10 11 13 14 | 14.1
Spellcasting   | 2 3 4 5 6 7 |  7.0

Action                     |  1- 3 |  4- 6 |  7- 9 | 10-12 | 13-15 || total
---------------------------+-------+-------+-------+-------+-------++-------
  Melee: Hand axe          |    71 |    27 |       |    33 |    45 ||   176
         War axe           |       |    17 |    63 |   254 |   337 ||   671
   Cast: Scorch            |    11 |    83 |   250 |   427 |   491 ||  1262
  Evoke: Wand              |       |       |       |     2 |       ||     2
    Use: Scroll            |       |    12 |     4 |     7 |     5 ||    28
         Potion            |       |       |       |     6 |     2 ||     8
 Armour: Robe              |    54 |    26 |       |       |       ||    80
         Scale mail        |       |    34 |   129 |       |       ||   163
         Plate armour      |       |       |    81 |   843 |  1022 ||  1946
  Dodge: Dodged            |    51 |    46 |   129 |   276 |   266 ||   768
  Block: Other             |       |       |       |     2 |    83 ||    85

Levels and vault maps discovered:
D:1:      dpeg_arrival_pits, layout_basic
D:2:      layout_rooms, minmay_misc_feat_pillars, dk_vineyard_3,
          chequers_serial_rivers_large_b, kennysheep_generic_room_11,
          uniq_terence
D:3:      layout_rooms, shapermc_ecumenical_altar_rom_forum, uniq_robin
D:4:      layout_loops_ring, tso_oasis_becter, minmay_hedge_maze, uniq_natasha
D:5:      nicolae_cairo_tiling_very_big, layout_basic,
          mainiacjoe_overflow_paths, zin_treasury, temple_fountains,
          nicolae_ossuary_entry_false_entrances
D:6:      layout_rooms, glass_columns_b
D:7:      layout_basic, nicolae_ru_sacrificial_ziggurat,
          kennysheep_generic_room_3
D:8:      layout_loops_ring, grunt_temple_overflow_magic_moments,
          nemelex_spade_bored_becter, mainiacjoe_overflow_24_doors, uniq_psyche,
          uniq_grum
D:9:      layout_roguey, kennysheep_slug_shrine, mainiacjoe_overflow_alcove_2,
          minitemple, ebering_ghost_gozag, kennysheep_cluttered_room,
          uniq_amaemon
D:10:     layout_basic, uniq_josephine
D:11:     layout_stronghold, david_lair_shrubbed
D:12:     layout_small_grid, zombieorc2_lemuel
Lair:1:   layout_regular_city, lemuel_fruit_fields, serial_bayou_shore_a
Lair:2:   layout_chaotic_city
Lair:3:   nzn_winding_woodlands_small [nzn_winding_woodlands_5x15_zeroes,
          nzn_winding_woodlands_center_garden,
          nzn_winding_woodlands_5x15_longhouse], layout_hall_layers,
          elwin_shoals_entry_rooms, guppyfry_snake_entry_garden,
          lemuel_fruit_tree, infiniplex_staircase_pool
Lair:4:   layout_roguey, nicolae_slime_entry_field_trip
Lair:5:   minmay_lair_end_frog_pond, layout_cave_shapes, minivault_27,
          minivault_25, grunt_forest_small_clearings
Orc:1:    emtedronai_trogs_sanctum, layout_diamond_mine, serial_shops,
          nicolae_diamond_shop, basic_altar, uniq_harold
Orc:2:    st_orc_congregation, layout_caves, uniq_rupert

Notes
Turn   | Place    | Note
-------+----------+-------------------------------------------
     0 | D:1      | cforsyth the Mountain Dwarf Cinder Acolyte began the quest
                  | for the Orb.
     0 | D:1      | Reached XP level 1. HP: 19/19 MP: 2/2
   245 | D:1      | Reached XP level 2. HP: 22/26 MP: 3/3
   452 | D:1      | Learned a level 2 spell: Scorch
   680 | D:2      | Reached skill level 1 in Armour
   797 | D:2      | Reached skill level 4 in Fire Magic
   815 | D:2      | Reached skill level 4 in Axes
   820 | D:2      | Reached XP level 3. HP: 29/31 MP: 5/5
  1032 | D:2      | Noticed Terence
  1224 | D:2      | Killed Terence
  1416 | D:2      | Reached XP level 4. HP: 40/40 MP: 3/6
  1811 | D:2      | Reached skill level 4 in Fighting
  1923 | D:3      | Reached skill level 2 in Armour
  1923 | D:3      | Reached XP level 5. HP: 46/46 MP: 1/7
  1973 | D:3      | Reached skill level 2 in Spellcasting
  2069 | D:3      | Found a faded altar of an unknown god.
  2078 | D:3      | Got Plato's Encyclopedia of the Tomb
  2155 | D:3      | Noticed Robin
  2285 | D:2      | Killed Robin
  3136 | D:4      | Reached XP level 6. HP: 53/53 MP: 6/9
  3153 | D:4      | Reached skill level 5 in Fire Magic
  3452 | D:4      | Noticed Natasha
  3464 | D:4      | Killed Natasha
  3465 | D:4      | Reached skill level 5 in Axes
  3832 | D:4      | Noticed Natasha
  3838 | D:4      | Killed Natasha
  3839 | D:4      | Reached skill level 3 in Armour
  3961 | D:4      | Noticed Natasha
  3965 | D:4      | Killed Natasha
  4044 | D:4      | Found a glowing golden altar of the Shining One.
  4151 | D:5      | Entered Level 5 of the Dungeon
  4296 | D:5      | Found a sand-covered staircase.
  4347 | Ossuary  | Entered an ossuary
  4363 | Ossuary  | Reached XP level 7. HP: 48/60 MP: 11/11
  4436 | Ossuary  | Reached skill level 5 in Fighting
  4562 | Ossuary  | Reached skill level 3 in Spellcasting
  4882 | Ossuary  | Reached skill level 4 in Armour
  4882 | Ossuary  | Reached skill level 6 in Fire Magic
  4887 | Ossuary  | Reached skill level 6 in Axes
  5362 | D:5      | Reached XP level 8. HP: 62/69 MP: 13/13
  5808 | D:5      | Found a shimmering altar of Xom.
  6151 | D:5      | Found a glowing silver altar of Zin.
  6250 | D:5      | Reached skill level 6 in Fighting
  6397 | D:5      | Found a staircase to the Ecumenical Temple.
  6843 | D:5      | Reached skill level 5 in Armour
  6843 | D:5      | Reached skill level 4 in Spellcasting
  7123 | D:6      | Reached skill level 7 in Fire Magic
  7169 | D:6      | Reached skill level 7 in Axes
  7647 | D:7      | Reached XP level 9. HP: 72/78 MP: 15/15
  7855 | D:7      | Found a sacrificial altar of Ru.
  8477 | D:8      | Noticed Grum
  8486 | D:7      | Reached skill level 7 in Fighting
  8486 | D:7      | Reached skill level 6 in Armour
  8649 | D:8      | Killed Grum
  8650 | D:8      | Reached skill level 8 in Fire Magic
  8833 | D:8      | Noticed Psyche
  8836 | D:8      | Killed Psyche
  8837 | D:8      | Reached skill level 8 in Axes
  8837 | D:8      | Reached skill level 5 in Spellcasting
  8870 | D:8      | Found an ornate altar of the Wu Jian Council.
  9399 | D:8      | Found an ancient bone altar of Kikubaaqudgha.
  9450 | D:8      | Found a sparkling altar of Nemelex Xobeh.
  9864 | D:8      | Found a shimmering blue altar of Sif Muna.
  9866 | D:8      | Found a radiant altar of Vehumet.
  9870 | D:8      | Got Kikubaaqudgha's Tractate on Rot
  9970 | D:9      | Found a runed translucent gate.
  9971 | D:9      | Found a runed translucent gate.
  9971 | D:9      | Found a runed translucent gate.
  9971 | D:9      | Found an opulent altar of Gozag.
  9973 | D:9      | Noticed asd2613's ghost (novice MDFi)
  9996 | D:9      | Noticed Amaemon
  9996 | D:9      | Noticed an orange demon
 10024 | D:9      | Killed an orange demon
 10025 | D:9      | Reached XP level 10. HP: 88/88 MP: 18/18
 10035 | D:9      | Reached skill level 7 in Armour
 10037 | D:9      | Killed Amaemon
 10038 | D:9      | Reached skill level 8 in Fighting
 10349 | D:9      | Reached skill level 9 in Fire Magic
 10461 | D:8      | Reached skill level 9 in Axes
 11137 | D:9      | Found a hide-covered altar of Uskayaw.
 11140 | D:9      | Found an opulent altar of Gozag.
 11145 | D:9      | Found a white marble altar of Elyvilon.
 11206 | D:9      | Reached skill level 6 in Spellcasting
 11450 | D:9      | Found an iron altar of Okawaru.
 11474 | D:9      | Found a snail-covered altar of Cheibriados.
 11938 | D:10     | Entered Level 10 of the Dungeon
 12019 | D:10     | Reached skill level 8 in Armour
 12072 | D:10     | Noticed a deep elf pyromancer
 12091 | D:9      | Killed a deep elf pyromancer
 12174 | D:10     | Noticed a green ugly thing
 12208 | D:10     | Killed a green ugly thing
 12209 | D:10     | Reached skill level 9 in Fighting
 12261 | D:10     | Noticed Josephine
 12333 | D:10     | Killed Josephine
 12334 | D:10     | Reached skill level 10 in Fire Magic
 12334 | D:10     | Reached XP level 11. HP: 50/97 MP: 19/20
 12475 | D:10     | Reached skill level 10 in Axes
 14505 | D:11     | Paralysed by a hornet for 2 turns
 14672 | D:11     | Reached skill level 9 in Armour
 14672 | D:11     | Reached skill level 7 in Spellcasting
 15072 | D:11     | Identified the +2 robe "Qigrurizus" {Str+3}
 15109 | D:11     | Found a staircase to the Lair.
 16063 | D:12     | Found a staircase to the Orcish Mines.
 16287 | D:12     | Reached skill level 10 in Fighting
 16322 | D:12     | Reached skill level 11 in Fire Magic
 16475 | D:12     | Reached skill level 11 in Axes
 16615 | D:12     | Noticed a boulder beetle
 16633 | D:12     | Noticed a purple ugly thing
 16846 | D:11     | Killed a purple ugly thing
 17088 | D:12     | Identified a scroll of acquirement
 17192 | Lair:1   | Entered Level 1 of the Lair of Beasts
 17453 | Lair:1   | Reached XP level 12. HP: 53/107 MP: 22/22
 18035 | Lair:1   | Reached skill level 10 in Armour
 19053 | Lair:1   | HP: 10/108 [poisoned by a cane toad]
 19621 | Lair:2   | Reached skill level 12 in Fire Magic
 19628 | Lair:2   | Reached skill level 11 in Fighting
 19630 | Lair:2   | Reached skill level 12 in Axes
 20490 | Lair:3   | Noticed a six-headed hydra
 20490 | Lair:3   | Noticed a five-headed hydra
 20809 | Lair:2   | HP: 10/110 [cane toad (11)]
 21068 | Lair:2   | Killed a one-headed hydra
 21314 | Lair:3   | Killed a one-headed hydra
 21315 | Lair:3   | Reached skill level 11 in Armour
 21535 | Lair:3   | Noticed a seven-headed hydra
 21677 | Lair:3   | HP: 11/111 [one-headed hydra (11)]
 21680 | Lair:3   | Killed a one-headed hydra
 22264 | Lair:3   | Reached XP level 13. HP: 92/117 MP: 23/23
 22282 | Lair:3   | Reached skill level 13 in Fire Magic
 22712 | Lair:3   | Found a staircase to the Shoals.
 22875 | Lair:3   | Reached skill level 13 in Axes
 23160 | Lair:3   | Found a staircase to the Snake Pit.
 23326 | Lair:3   | Reached skill level 12 in Fighting
 23539 | Lair:4   | Found a viscous altar of Jiyva.
 23908 | Lair:4   | Got Thaumaturgy and How To Use It
 24027 | Lair:4   | Found a staircase to the Slime Pits.
 24815 | Lair:3   | Reached skill level 12 in Armour
 24816 | Lair:3   | HP: 11/119 [poisoned by a cane toad]
 24820 | Lair:3   | HP: 5/119 [poisoned by a cane toad]
 24823 | Lair:3   | HP: 2/119 [poisoned by a cane toad]
 26070 | Lair:5   | Entered Level 5 of the Lair of Beasts
 26734 | Lair:5   | HP: 11/119 [cane toad (8)]
 26736 | Lair:5   | Reached skill level 14 in Fire Magic
 27078 | Lair:5   | Reached skill level 14 in Axes
 27412 | Lair:5   | Reached skill level 13 in Fighting
 28338 | Lair:5   | Reached XP level 14. HP: 68/129 MP: 21/24
 29537 | Lair:5   | Reached skill level 13 in Armour
 29714 | Lair:5   | Identified the +4 rapier of Feeqeol {protect, rPois Stlth+}
 30972 | Lair:5   | Reached skill level 15 in Fire Magic
 31388 | D:8      | Killed asd2613's ghost
 31389 | D:8      | Reached skill level 15 in Axes
 32361 | Orc:1    | Entered Level 1 of the Orcish Mines
 32361 | Orc:1    | Found Syjy's Weapon Shoppe.
 32437 | Orc:1    | Found a roughly hewn altar of Beogh.
 32662 | Orc:1    | Reached skill level 14 in Fighting
 33300 | Orc:1    | Found a transporter.
 33422 | Orc:1    | Found a transporter.
 33471 | Orc:2    | Entered Level 2 of the Orcish Mines
 33471 | Orc:2    | Found a staircase to the Elven Halls.
 34001 | Orc:1    | Mangled by a two-headed ogre

Vanquished Creatures
  Josephine (D:10)
  7 hydras
  A boulder beetle (D:12)
  The ghost of asd2613 the Cleaver, a novice MDFi of Yredelemnul (D:8)
  2 two-headed ogres (Orc:1)
  6 death yaks
  2 orc high priests
  A skyshark (Lair:5)
  Amaemon (D:9)
  2 goliath frogs (Lair:5)
  A deep elf pyromancer (D:9)
  A lindwurm (Lair:3)
  An orc sorcerer (Orc:2)
  A cyclops (D:12)
  2 ugly things
  13 elephants
  2 kobold blastminers (Orc:1)
  A torpor snail (Lair:3)
  6 black mambas
  20 cane toads
  An orange demon (D:9)
  2 rime drakes
  11 komodo dragons
  Psyche (D:8)
  2 polar bears
  7 trolls
  2 hornets
  3 tyrant leeches (Lair:5)
  22 blink frogs
  2 shadows
  5 wyverns
  5 basilisks
  6 wraiths
  61 yaks
  2 wargs (Orc:1)
  Grum (D:8)
  11 vampire mosquitoes
  2 steam dragons
  2 nagas (Lair:3)
  A two-headed ogre zombie (D:12)
  3 acid dragons
  20 water moccasins
  2 ogres
  11 orc warriors
  A black bear (D:5)
  3 ice beasts
  3 centaurs (D:12)
  13 wolves
  3 phantoms
  3 kobold brigands
  20 bullfrogs
  A scorpion (D:6)
  16 killer bees
  3 troll zombies (D:12)
  An electric eel (Lair:3)
  6 howler monkeys
  4 bombardier beetles
  5 jellies
  10 orc priests
  A bullfrog zombie (Ossuary)
  2 hounds (D:7)
  A gnoll bouda (D:5)
  12 mummies (Ossuary)
  Natasha (thrice) (D:4)
  Terence (D:2)
  An iguana (D:11)
  9 orc wizards
  4 crocodile zombies (Ossuary)
  4 ogre zombies (D:12)
  3 hound zombies (Ossuary)
  4 howler monkey zombies (Ossuary)
  Robin (D:2)
  12 gnolls
  6 adders
  3 white imps
  5 dart slugs
  44 orcs
  8 endoplasms
  A giant cockroach (D:2)
  2 gnoll zombies (D:12)
  12 goblins
  5 hobgoblins
  8 jackals
  2 quokkas
  5 ball pythons
  3 ball python zombies (Ossuary)
  4 bats (D:2)
  4 frilled lizards
  5 gnoll skeletons (D:12)
  7 kobolds
  3 orc skeletons (D:12)
  15 orc zombies (D:12)
  2 rats
551 creatures vanquished.

Table legend: (Time is in decaauts)
 A = Elapsed time spent in this place.
 B = Non-inter-level travel time spent in this place.
 C = Inter-level travel time spent in this place.
 D = Time resting spent in this place.
 E = Time spent auto-exploring this place.
 F = Levels seen in this place.
 G = Mean time per level.
                   A        B        C        D        E       F      G
               +--------+--------+--------+--------+--------+-----+--------+
         Total |  34300 |  33284 |   1016 |   9884 |  17826 |  20 | 1715.0 |
       Dungeon |  17680 |  16950 |    730 |   3633 |  10835 |  12 | 1473.3 |
          Lair |  14115 |  13870 |    245 |   5820 |   5497 |   5 | 2823.0 |
  Orcish Mines |   1452 |   1412 |     40 |    349 |    725 |   2 |  726.0 |
       Ossuary |   1051 |   1051 |      0 |     81 |    768 |   1 | 1051.0 |
               +--------+--------+--------+--------+--------+-----+--------+

Top non-repeatable levels by time:
  Lair:5: 3711 daAuts
  Lair:4: 2993 daAuts
  Lair:3: 2915 daAuts
    D:11: 2581 daAuts
  Lair:2: 2471 daAuts
     D:8: 2172 daAuts
  Lair:1: 2022 daAuts
     D:9: 1972 daAuts
    D:10: 1773 daAuts
     D:5: 1640 daAuts
    D:12: 1454 daAuts
     D:4: 1328 daAuts
   Orc:1: 1315 daAuts
     D:2: 1186 daAuts
     D:7: 1174 daAuts

Table legend:
 A = Non-vault XP
 B = Vault XP
 C = Vault XP percentage of total XP
 D = Non-vault monster count
 E = Vault monster count
 F = Vault count percentage of total count
                 A         B        C        D         E       F
            +---------+---------+-------+---------+---------+-------
      Total |   64995 |   25994 |  28.6 |     399 |     152 |  27.6
            +---------+---------+-------+---------+---------+-------
        D:1 |      30 |       0 |   0.0 |      18 |       0 |   0.0
        D:2 |      44 |      55 |  55.6 |      17 |       4 |  19.0
        D:3 |     220 |       7 |   3.1 |      18 |       4 |  18.2
        D:4 |     267 |      36 |  11.9 |      23 |       1 |   4.2
        D:5 |     884 |       0 |   0.0 |      22 |       0 |   0.0
        D:6 |     385 |       0 |   0.0 |      12 |       0 |   0.0
        D:7 |     739 |     458 |  38.3 |      13 |       4 |  23.5
        D:8 |    1539 |    1343 |  46.6 |      27 |       3 |  10.0
        D:9 |    2510 |    1944 |  43.6 |      19 |       8 |  29.6
       D:10 |    2306 |    1565 |  40.4 |      12 |       4 |  25.0
       D:11 |    3380 |     622 |  15.5 |      16 |       3 |  15.8
       D:12 |    4345 |     624 |  12.6 |      23 |      35 |  60.3
     Lair:1 |    4324 |       0 |   0.0 |      22 |       0 |   0.0
     Lair:2 |    3860 |    2168 |  36.0 |      17 |       5 |  22.7
     Lair:3 |    7635 |    6325 |  45.3 |      25 |      19 |  43.2
     Lair:4 |    9425 |    2326 |  19.8 |      30 |      10 |  25.0
     Lair:5 |   16033 |    7805 |  32.7 |      49 |      25 |  33.8
      Orc:1 |    5219 |       0 |   0.0 |      28 |       0 |   0.0
      Orc:2 |    1850 |       0 |   0.0 |       8 |       0 |   0.0
    Ossuary |       0 |     716 | 100.0 |       0 |      27 | 100.0
            +---------+---------+-------+---------+---------+-------
